 Dungeon Crawl Stone Soup version 0.19-a0-291-ga637243 (webtiles) character file.

891 mistymad the Sneak (level 7, -1/51 HPs)
             Began as a Vampire Enchanter on May 27, 2016.
             Was an Initiate of Dithmenos.
             Slain by a worker ant (6 damage)
             ... on level 4 of the Dungeon.
             The game lasted 00:27:27 (4109 turns).

mistymad the Sneak (Vampire Enchanter)              Turns: 4109, Time: 00:27:29

Health: -1/51      AC:  5    Str:  7    XL:     7   Next: 77%
Magic:  12/12      EV: 14    Int: 19    God:    Dithmenos [......]
Gold:   213        SH:  0    Dex: 15    Spells: 4 memorised, 4 levels left

rFire  + . .     SeeInvis +     m - +3 dagger
rCold  + . .     Gourm    .     w - +2 robe
rNeg   + + .     Faith    .     (no shield)
rPois  +         Spirit   .     (no helmet)
rElec  .         Dismiss  .     (no cloak)
rCorr  .         Reflect  .     b - +0 pair of gloves
SustAt .         Harm     .     (no boots)
MR     .....                    (no amulet)
Stlth  +++++.....               y - ring of protection from fire
                                j - ring of stealth

@: lethally poisoned (-1 -> -5), regenerating slowly, not resistant to hostile
enchantments, quite stealthy
A: fangs 3, see invisible, unbreathing
a: Bat Form, Renounce Religion


You were on level 4 of the Dungeon.
You worshipped Dithmenos.
Dithmenos was noncommittal.
You were very thirsty.

You visited 1 branch of the dungeon, and saw 5 of its levels.

You collected 213 gold pieces.

Inventory:

Hand Weapons
 m - a +3 dagger (weapon)
Missiles
 a - a throwing net (quivered)
Armour
 b - a +0 pair of gloves (worn)
 v - a +0 robe of positive energy
 w - a +2 robe (worn)
Jewellery
 j - a ring of stealth (left hand)
 u - an uncursed ring of ice
 y - a ring of protection from fire (right hand)
Wands
 t - a wand of acid (7/15)
 x - a wand of iceblast (7/15)
 A - a wand of iceblast (2/15)
Scrolls
 e - 2 scrolls of recharging {unknown}
 g - 4 scrolls of identify {unknown}
 i - 2 scrolls of magic mapping {unknown}
 k - 2 scrolls of teleportation {unknown}
 l - 2 scrolls of remove curse {unknown}
 p - 2 scrolls of noise {unknown}
 q - 4 scrolls of amnesia {unknown}
 r - 3 scrolls of enchant weapon {unknown}
Potions
 d - 14 potions of blood
 f - 2 potions of agility {unknown}
 h - 2 potions of degeneration {unknown}
 n - 2 potions of brilliance {unknown}
 o - 2 potions of cure mutation {unknown}
 s - a potion of lignification {unknown}
 z - a potion of haste {unknown}
Books
 c - a book of Maledictions

   Spells                             Type                      Level
   a - Corona                         Hexes                        1
   b - Ensorcelled Hibernation        Hexes/Ice                    2
   c - Confuse                        Hexes                        3
   d - Tukima's Dance                 Hexes                        3
   e - Dazzling Spray                 Conjuration/Hexes            3


   Skills:
 + Level 2.9 Fighting
 + Level 4.1 Short Blades
 + Level 4.2 Dodging
 + Level 7.3 Stealth
 + Level 3.5 Spellcasting
 + Level 7.1 Hexes


You had 4 spell levels left.
You knew the following spells:

 Your Spells              Type           Power        Failure   Level  Hunger
a - Corona                Hex            ####...      1%          1    None
b - Ensorcelled Hibernat  Hex/Ice        ###...       8%          2    ##.....
c - Confuse               Hex            ####....     2%          3    ###....
d - Tukima's Dance        Hex            ####....     2%          3    ###....


Dungeon Overview and Level Annotations

Branches:
Dungeon (5/15)
 Temple: D:4-7

Altars:
Dithmenos
Nemelex Xobeh
Okawaru
Pakellas
Qazlal
Ru
Trog
Ukayaw
Vehumet
Xom
Yredelemnul
Zin
The Shining One

Shops:
D:5 (


Innate Abilities, Weirdness & Mutations

You heal slowly.
You have razor-sharp teeth.
You have supernaturally acute eyesight. (SInv)
You can survive without breathing.


Message History

You feel sick.
You take 1 damage, and have 13/51 hp.
The worker ant misses you.
You feel sick.
You take 1 damage, and have 12/51 hp.
You feel sick. The worker ant misses you. The worker ant bites you.
* * * LOW HITPOINT WARNING * * *
You take 5 damage, and have 7/51 hp.
* * * LOW HITPOINT WARNING * * *
You feel sick.
You take 1 damage, and have 6/51 hp.
Casting: Confuse
Confirm with . or Enter, or press ? or * to list all spells.
Okay, then.
You fail to use your ability.
The worker ant closely misses you.
You feel sick.
You take 1 damage, and have 5/51 hp.
The worker ant bites you.
You die...

#.####.........########
#.# #.................
#.# #...........######
#.# #.......)...'....#
#.# #...........##....
###.#######...[....##....
#..................##....
############.......####'#
#.@...............#
#a####.......###### #.#
#.......# # #.# #########
#### #.# #>.. #.# #.#.
#.# #.#.
###.##############.#.
#).................'.


You could see a worker ant.

Vanquished Creatures
  Grinder (D:3)
  An eye of draining (D:3)
  Blork the orc (D:4)
  2 scorpions (D:4)
  An orc priest (D:4)
  A hound (D:5)
  An iguana (D:3)
  3 orc wizards
  Natasha (thrice) (D:2)
  3 worker ants (D:5)
  A howler monkey zombie (D:5)
  8 adders
  A shadow imp (D:3)
  3 dart slugs
  3 giant geckos
  9 orcs
  3 ball pythons
  3 bats
  8 giant cockroaches
  3 goblins
  5 hobgoblins
  5 jackals
  A ball python skeleton (D:4)
  7 kobolds
  8 rats
85 creatures vanquished.

Vanquished Creatures (others)
  A dancing weapon (D:4)
1 creature vanquished.

Grand Total: 86 creatures vanquished

Notes
Turn   | Place    | Note
--------------------------------------------------------------
     0 | D:1      | mistymad the Vampire Enchanter began the quest for the Orb.
     0 | D:1      | Reached XP level 1. HP: 13/13 MP: 3/3
   250 | D:1      | Reached XP level 2. HP: 8/19 MP: 3/5
   256 | D:1      | Learned a level 2 spell: Ensorcelled Hibernation
   267 | D:1      | Found a glowing golden altar of the Shining One.
   686 | D:2      | Reached XP level 3. HP: 25/25 MP: 1/6
   831 | D:2      | Reached skill level 5 in Hexes
   939 | D:2      | Reached skill level 5 in Stealth
  1059 | D:2      | Noticed Natasha
  1077 | D:2      | Killed Natasha
  1077 | D:2      | Reached skill level 1 in Fighting
  1077 | D:2      | Reached XP level 4. HP: 15/32 MP: 2/7
  1203 | D:2      | Noticed Natasha
  1213 | D:2      | Killed Natasha
  1408 | D:3      | Noticed an eye of draining
  1438 | D:2      | Noticed Natasha
  1483 | D:3      | Reached XP level 5. HP: 30/37 MP: 2/8
  1488 | D:3      | Learned a level 3 spell: Confuse
  1640 | D:2      | Killed Natasha
  1747 | D:3      | Noticed Grinder
  1761 | D:3      | Killed Grinder
  1761 | D:3      | Reached XP level 6. HP: 42/44 MP: 5/10
  2619 | D:3      | Reached XP level 7. HP: 50/50 MP: 5/11
  2782 | D:4      | Learned a level 3 spell: Tukima's Dance
  2786 | D:4      | Noticed Blork the orc
  2798 | D:4      | Killed Blork the orc
  2991 | D:4      | Found a hide-covered altar to Ukayaw.
  2993 | D:4      | Found an oddly glowing altar of Pakellas.
  2995 | D:4      | Found a sparkling altar of Nemelex Xobeh.
  2997 | D:4      | Found a shadowy altar of Dithmenos.
  2997 | D:4      | Found a shimmering altar of Xom.
  2997 | D:4      | Found a radiant altar of Vehumet.
  2997 | D:4      | Found a basalt altar of Yredelemnul.
  2997 | D:4      | Found a glowing silver altar of Zin.
  2998 | D:4      | Found a stormy altar of Qazlal.
  2999 | D:4      | Found an iron altar of Okawaru.
  3001 | D:4      | Found a glowing golden altar of the Shining One.
  3002 | D:4      | Found a bloodstained altar of Trog.
  3005 | D:4      | Became a worshipper of Dithmenos the Shadowed
  3572 | D:4      | Found a sacrificial altar of Ru.
  3636 | D:5      | Entered Level 5 of the Dungeon
  3684 | D:5      | Found Verhot's Antique Weapon Shoppe.
  4109 | D:4      | Slain by a worker ant

Vault maps used:
D:1:      dpeg_arrival_rooms_a, tso_metal_star
D:2:      uniq_natasha
D:3:      first_bread, feat_on_display, uniq_grinder
D:4:      nicolae_ru_the_path_less_chosen, minitemple, uniq_blork_the_orc
D:5:      minmay_temple_entry_statues, serial_shops, nicolae_shop_stone,
          serial_bayou_pond_b

Skill      XL: |  1  2  3  4  5  6  7 |
---------------+----------------------+-----
Short Blades   | 2 3 4 |  4.1
Hexes          | 5 6 7 |  7.1
Stealth        | 5 6 7 |  7.3
Fighting       | 1 2 |  2.9
Dodging        | 3 4 |  4.2
Spellcasting   | 3 |  3.5

Action                   |  1- 3 |  4- 6 |  7- 9 || total
-------------------------+-------+-------+-------++-------
Melee: Dagger            |    90 |    82 |    74 ||   246
       Bite              |     5 |     9 |     6 ||    20
 Cast: Corona            |     9 |     2 |     2 ||    13
       Ensorcelled Hiber |    16 |    13 |    12 ||    41
       Confuse           |       |    11 |     9 ||    20
       Tukima's Dance    |       |       |     1 ||     1
  Use: Potion            |       |     5 |     2 ||     7
 Stab: Sleeping          |    21 |     8 |    14 ||    43
       Distracted        |     1 |       |       ||     1
       Confused          |       |     2 |     3 ||     5
Armor: Robe              |    13 |    10 |    14 ||    37
Dodge: Dodged            |    41 |    41 |    48 ||   130
